 Dungeon Crawl Stone Soup version 0.31-a0-95-g6fa058ef04 (webtiles) character file.

Game seed: 7094258298015926324

293 hito the Trooper (level 6, -2/53 HPs)
             Began as a Hill Orc Hunter on May 25, 2023.
             Slain by a sky beast (4 damage)
             ... on level 3 of the Dungeon.
             The game lasted 00:09:19 (2388 turns).

hito the Trooper (Hill Orc Hunter)                  Turns: 2388, Time: 00:09:20

Health: -2/53      AC:  6    Str: 11 (14) XL:     6   Next: 33%
Magic:  1/7        EV: 11    Int: 10 (11) God:
Gold:   134        SH:  0    Dex: 11 (14) Spells: 5/7 levels left

rFire   . . .        b - +5 hammer "Pyjum" {protect, rC+ Will+}
rCold   + . .        (no shield)
rNeg    . . .        c - +0 leather armour
rPois   .            (no helmet)
rElec   .            n - +2 cloak
rCorr   .            (no gloves)
SInv    .            (no boots)
Will    +....        (no amulet)
Stlth   +            (no ring)
HPRegen 0.28/turn    (no ring)
MPRegen 0.10/turn

%: no passive effects
@: very slightly contaminated
A: no striking features
a: no special abilities


You were on level 3 of the Dungeon.
You visited 1 branch of the dungeon, and saw 4 of its levels.

You collected 134 gold pieces.

Inventory:

Hand Weapons
 a - a +0 shortbow
 b - the +5 hammer "Pyjum" (weapon) {protect, rC+ Will+}
   (You found it on level 4 of the Dungeon)

   rC:        It protects you from cold.
   Will:      It increases your willpower.
 o - a +0 hand axe
 p - the +4 hammer of the Equinox {freeze, rN++ Str-3}
   (You found it on level 4 of the Dungeon)

   Str:       It affects your strength (-3).
   rN:        It greatly protects you from negative energy.
Armour
 c - a +0 leather armour (worn)
 n - a +2 cloak (worn)
Magical Staves
 h - a staff of fire
Scrolls
 d - 6 scrolls of identify {unknown}
 e - 2 scrolls of teleportation {unknown}
 f - a scroll of noise {unknown}
 g - a scroll of enchant weapon {unknown}
 j - a scroll of immolation
 k - a scroll of fog {unknown}
 m - a scroll of amnesia {unknown}


   Skills:
 + Level 4.7 Fighting
 + Level 3.6(3.8) Axes
 + Level 1.1(2.2) Maces & Flails
 - Level 4.0 Ranged Weapons
 - Level 1.5 Dodging
 - Level 0.7 Stealth
 - Level 1.0 Spellcasting
 - Level 3.0 Fire Magic


You had 5 spell levels left.
You knew the following spells:

 Your Spells              Type           Power      Damage    Failure   Level
a - Scorch                Fire           12%        2d6       21%         2

Your spell library contained the following spells:

 Spells                   Type           Power      Damage    Failure   Level
 Kiss of Death            Conj/Necr      0%         2d5       43%         1
 Lesser Beckoning         Tloc           0%         N/A       56%         2
 Ensorcelled Hibernation  Hex/Ice        0%         N/A       58%         2
 Passwall                 Tmut/Erth      0%         N/A       58%         2
 Poisonous Vapours        Pois/Air       0%         N/A       58%         2
 Confusing Touch          Hex            0%         N/A       80%         3
 Gell's Gravitas          Tloc           0%         N/A       80%         3
 Swiftness                Air            0%         N/A       80%         3
 Teleport Other           Tloc           0%         N/A       80%         3
 Summon Guardian Golem    Hex/Summ       0%         N/A       82%         3
 Mephitic Cloud           Conj/Pois/Air  0%         N/A       83%         3
 Flame Wave               Conj/Fire      3%         2d5       95%         4
 Dispel Undead            Necr           0%         3d6       99%         4
 Freezing Cloud           Conj/Ice/Air   0%         6-21      100%        5
 Summon Cactus Giant      Summ           0%         N/A       100%        6
 Orb of Destruction       Conj           0%         9d5       100%        7
 Spellforged Servitor     Conj/Summ      0%         N/A       100%        7


Dungeon Overview and Level Annotations

Branches:
Dungeon (4/15)
 Temple: D:4-7

Altars:
Vehumet

Shops:
D:1 :   D:2 (

Annotations:
D:4 Natasha, Robin


Message History

Casting: Scorch (safe; 19% risk of failure)
Confirm with . or Enter, or press ? or * to list all spells.
Flames lash the sky beast.
The sky beast is burned terribly!
The sky beast is heavily wounded.
The sky beast hits you. The sky beast shocks you.
* * * LOW HITPOINT WARNING * * *
Unknown command.
Unknown command.
Casting: Scorch (safe; 19% risk of failure)
Confirm with . or Enter, or press ? or * to list all spells.
You miscast Scorch.
You are very lightly contaminated with residual magic.
Nothing appears to happen.
The sky beast hits you.
* * * LOW HITPOINT WARNING * * *
The sky beast shocks you.
* * * LOW HITPOINT WARNING * * *
Unknown command.
It was a potion of degeneration.
There was something very wrong with that liquid.
You feel weakened.
You feel dopey.
You feel clumsy. The sky beast misses you.
It was a potion of magic.
Magic courses through your body.
The sky beast hits you but does no damage.
Casting: Scorch (safe; 21% risk of failure)
Confirm with . or Enter, or press ? or * to list all spells.
You miscast Scorch.
Nothing appears to happen.
The sky beast barely misses you.
Casting: Scorch (safe; 21% risk of failure)
Confirm with . or Enter, or press ? or * to list all spells.
Flames lash the sky beast.
The sky beast is burned terribly!
The sky beast is heavily wounded.
The sky beast hits you.
* * * LOW HITPOINT WARNING * * *
The sky beast shocks you.
* * * LOW HITPOINT WARNING * * *
Casting: Scorch (safe; 21% risk of failure)
Confirm with . or Enter, or press ? or * to list all spells.
Flames lash the sky beast.
The sky beast is burned terribly!
The sky beast is almost dead.
The sky beast hits you.
You die...

#.#.####.##...#..# #.#
#.##.#..........##..# #.#
.............(.####..###.#
#........###....W........#
#..##.##.# ###.####..#####
.. J(..... ...# #..#
..#.##...#########..# . ..
..#.........#..# #####.
.#.Y@....<(.# #.
##.#####.##.# .. #. .# ..#
#. .# #. .. .# . #. ## #.
#.


You could see a sky beast (combustible).

Vanquished Creatures
  A phantom (D:2)
  A hound (D:4)
  A jelly (D:4)
  Crazy Yiuf (D:4)
  Natasha (D:4)
  A statue (D:3)
  A worm (D:2)
  3 dart slugs
  4 orcs
  An endoplasm (D:1)
  4 giant cockroaches
  10 goblins
  10 hobgoblins
  2 jackals (D:1)
  4 quokkas
  7 ball pythons
  6 bats
  2 frilled lizards
  6 kobolds
  6 rats
72 creatures vanquished.

Notes
Turn   | Place    | Note
-------+----------+-------------------------------------------
     0 | D:1      | hito the Hill Orc Hunter began the quest for the Orb.
     0 | D:1      | Reached XP level 1. HP: 18/18 MP: 1/1
     4 | D:1      | Noticed a minotaur skeleton
     7 | D:1      | Noticed a human
     9 | D:1      | Noticed an octopode
    15 | D:1      | Noticed an octopode
    15 | D:1      | Noticed a minotaur
    15 | D:1      | Noticed a minotaur skeleton
    18 | D:1      | Noticed a minotaur zombie
   171 | D:1      | Reached XP level 2. HP: 23/25 MP: 2/2
   211 | D:1      | Learned a level 2 spell: Scorch
   231 | D:1      | Found Nyqeh's Book Emporium.
   354 | D:1      | Reached XP level 3. HP: 31/31 MP: 4/4
   643 | D:2      | Reached skill level 1 in Spellcasting
   673 | D:2      | Reached skill level 1 in Fire Magic
   695 | D:2      | Found Yniavyos's Weapon Boutique.
  1330 | D:2      | Reached XP level 4. HP: 35/38 MP: 5/5
  1640 | D:3      | Found a radiant altar of Vehumet.
  1640 | D:3      | Noticed a frost-covered statue
  1655 | D:3      | Killed a frost-covered statue
  1674 | D:3      | Noticed a sky beast
  1729 | D:3      | Noticed a phantom
  1758 | D:2      | Killed a phantom
  1759 | D:2      | Reached XP level 5. HP: 14/46 MP: 0/6
  2005 | D:4      | Noticed Natasha
  2014 | D:4      | Killed Natasha
  2126 | D:4      | Identified the +4 hammer of the Equinox {freeze, rN++
                  | Str-3}
  2127 | D:4      | Found a runed translucent door.
  2130 | D:4      | Noticed Crazy Yiuf
  2137 | D:4      | Killed Crazy Yiuf
  2138 | D:4      | Reached XP level 6. HP: 52/53 MP: 0/7
  2145 | D:4      | Identified the +5 hammer "Pyjum" {protect, rC+ Will+}
  2316 | D:4      | Noticed Natasha
  2332 | D:4      | Reached skill level 1 in Maces & Flails
  2363 | D:4      | Noticed Robin
  2387 | D:3      | HP: 2/53 [sky beast (5)]
  2388 | D:3      | Slain by a sky beast

Illustrated notes

Levels and vault maps discovered:
D:1:      shiori_arrival_whats_in_store_for_you, layout_basic, serial_shops,
          shop
D:2:      layout_basic, serial_shops, nicolae_shop_tiny_glass
D:3:      layout_loops_ring, vehumet_statue, serial_bayou_lagoon_a
D:4:      layout_loops_ring, serial_shops, shop, uniq_natasha, uniq_robin,
          uniq_crazy_yiuf_cottage, uniq_menkaure

Skill      XL: |  1  2  3  4  5  6 |
---------------+-------------------+-----
Fighting       | 3 4 |  4.7
Spellcasting   | 1 |  1.0
Ranged Weapons | 4 |  4.0
Fire Magic     | 2 3 |  3.0
Axes           | 2 3 |  3.6
Maces & Flails | 1 |  1.1
Dodging        | |  1.5
Stealth        | |  0.7

Action                     |  1- 3 |  4- 6 || total
---------------------------+-------+-------++-------
  Melee: Mace              |       |    11 ||    11
   Fire: Shortbow          |   163 |    79 ||   242
   Cast: Scorch            |       |    16 ||    16
    Use: Potion            |       |     2 ||     2
 Armour: Leather armour    |    23 |    19 ||    42
  Dodge: Dodged            |    69 |    46 ||   115

Table legend: (Time is in decaauts)
 A = Elapsed time spent in this place.
 B = Non-inter-level travel time spent in this place.
 C = Inter-level travel time spent in this place.
 D = Time resting spent in this place.
 E = Time spent auto-exploring this place.
 F = Levels seen in this place.
 G = Mean time per level.
                   A        B        C        D        E       F      G
               +--------+--------+--------+--------+--------+-----+--------+
         Total |   2452 |   2253 |    199 |    304 |   1277 |   4 |  613.0 |
       Dungeon |   2452 |   2253 |    199 |    304 |   1277 |   4 |  613.0 |
               +--------+--------+--------+--------+--------+-----+--------+

Top non-repeatable levels by time:
     D:2: 1214 daAuts
     D:1: 610 daAuts
     D:4: 389 daAuts
     D:3: 237 daAuts
